 Dungeon Crawl Stone Soup version 0.17-a0-755-g4391640 (webtiles) character file.

74 oplop the Sneak (level 4, 0/26 HPs)
             Began as a Kobold Assassin on Apr 22, 2015.
             Slain by an orc wizard
             ... wielding a +0 dagger
              (1 damage)
             ... on level 3 of the Dungeon.
             The game lasted 00:04:55 (2096 turns).

oplop the Sneak (Kobold Assassin)                   Turns: 2096, Time: 00:04:55

Health: 0/26       AC:  3    Str:  9    XL:     4   Next: 54%
Magic:  4/4        EV: 16    Int:  9    God:
Gold:   53         SH:  0    Dex: 18    Spells: 0 memorised, 3 levels left

rFire  . . .     SeeInvis .     b - +0 blowgun
rCold  . . .     Clarity  .     c - +0 robe
rNeg   . . .     SustAb   .     (shield restricted)
rPois  .         Gourm    .     (no helmet)
rElec  .         Spirit   .     d - +0 cloak
rCorr  .         Warding  .     (no gloves)
rMut   .         Stasis   .     (no boots)
MR     .....                    (no amulet)
Stlth  ++++......               (no ring)
                                (no ring)

@: not resistant to hostile enchantments, stealthy
A: carnivore 3
a: no special abilities


You were on level 3 of the Dungeon.
You were hungry.

You visited 1 branch of the dungeon, and saw 3 of its levels.

You collected 53 gold pieces.

Inventory:

Hand weapons
 a - a +2 dagger
 b - a +0 blowgun (weapon)
Armour
 c - a +0 robe (worn)
 d - a +0 cloak (worn)
Jewellery
 m - an uncursed ring of positive energy {unknown}
Scrolls
 j - a scroll of identify
 k - 2 scrolls of teleportation
Potions
 h - a potion of restore abilities
Comestibles
 g - 2 meat rations


   Skills:
 - Level 2.1 Fighting
 + Level 3.1 Short Blades
 - Level 2.6 Throwing
 + Level 2.8 Dodging
 + Level 6.0 Stealth


You had 3 spell levels left.
You didn't know any spells.

Dungeon Overview and Level Annotations

Branches:
Dungeon (3/15)

Altars:
Ashenzari

Annotations:
D:3 Robin


Innate Abilities, Weirdness & Mutations

You are small and have problems with some larger weapons.
You are carnivorous and can eat meat at any time.


Message History

Firing (i - inventory):
f - 2 curare-tipped needles (quivered)
Press: ? - help, Shift-Dir - straight line You shoot a curare-tipped needle.
You hear some strange, mumbled words.
You are confused.
All monsters which could be auto-targeted are covered by a wall or statue which interrupts your line of fire, even though it doesn't interrupt your line of sight.
Firing (i - inventory):
f - a curare-tipped needle (quivered)
Press: ? - help, Shift-Dir - straight line You shoot a curare-tipped needle.
Something hits you but does no damage.
a - a +2 dagger (weapon)
You miss something.
An orc wizard appears from thin air!
Reactivating autopickup.
The orc wizard closely misses you.
You're too confused to move!
The orc wizard barely misses you.
You bump into the rock wall.
You feel less confused.
The orc wizard hits you but does no damage.
b - a +0 blowgun (weapon)
The orc wizard hits you with a dagger.
You die...

#g# ###.#####.#
#.# #.......#.#
#.# #......##.#
#.# #.....##.(#
..# #....##...#
### #...##....#
#..##..(..#
...#'####......#
...#..K#@o(...)#
####._.#######)#
.Y#...#.......#
.######....(..#
#.o#.##....$.#
...#. ##(...## .
##... ##.. ##.


You could see a sky beast, an orc wizard and a kobold.

Vanquished Creatures
  3 worms
  A giant gecko (D:1)
  2 orcs (D:3)
  6 bats
  4 giant cockroaches
  6 hobgoblins
  10 kobolds
  A quokka (D:2)
  A giant newt (D:1)
  8 goblins
  18 rats
60 creatures vanquished.

Notes
Turn   | Place    | Note
--------------------------------------------------------------
     0 | D:1      | oplop, the Kobold Assassin, began the quest for the Orb.
     0 | D:1      | Reached XP level 1. HP: 12/12 MP: 1/1
    51 | D:1      | Reached skill level 1 in Short Blades
    97 | D:1      | Reached XP level 2. HP: 11/17 MP: 2/2
   372 | D:1      | Reached XP level 3. HP: 18/21 MP: 3/3
  1151 | D:2      | Reached XP level 4. HP: 26/26 MP: 4/4
  1426 | D:2      | Reached skill level 6 in Stealth
  1674 | D:3      | Noticed Robin
  2018 | D:3      | Found a shattered altar of Ashenzari.
  2022 | D:3      | Noticed a sky beast
  2088 | D:3      | HP: 1/26 [something (3)]
  2096 | D:3      | Slain by an orc wizard

Action                   |  1- 3 |  4- 6 || total
-------------------------+-------+-------++-------
Melee: Dagger            |   102 |    67 ||   169
 Fire: Blowgun           |     4 |    20 ||    24
  Use: Scroll            |       |     5 ||     5
       Potion            |       |     1 ||     1
 Stab: Sleeping          |    15 |     3 ||    18
  Eat: Chunk             |       |     3 ||     3
